 Dungeon Crawl Stone Soup version 0.28.0-53-g5a82cb258f (webtiles) character file.

Game seed: 5649040713564401298

94516 MisterFreud the Spry (level 15, -2/84 HPs)
             Began as a Felid Berserker on June 6, 2022.
             Was the Champion of Trog.
             Constricted to death by a nagaraja (4 damage)
             ... on level 4 of the Snake Pit on June 7, 2022.
             The game lasted 01:00:15 (29242 turns).

MisterFreud the Spry (Felid Berserker)             Turns: 29242, Time: 01:00:16

Health: -2/84      AC:  7    Str: 13    XL:     15   Next: 63%
Magic:  16/16      EV: 44    Int: 10    God:    Trog [******]
Gold:   1212       SH:  0    Dex: 32    Spells: 14/14 levels left
                                        Lives:  0   Deaths: 2

rFire   . . .      SeeInvis +     - Unarmed
rCold   + + .      Faith    .   (shield unavailable)
rNeg    . . .      Spirit   .   (armour unavailable)
rPois   .          Reflect  .   (helmet unavailable)
rElec   .          Harm     .   (cloak unavailable)
rCorr   +          Rampage  .   (gloves unavailable)
Will    +++..                   (boots unavailable)
Stlth   ++++++++..              d - amulet of Incredulity {Regen+ rCorr Slay+3}
HPRegen 1.04/turn               i - ring of Doubts {rC+ Will+ AC+4 Dex+4}
MPRegen 0.15/turn               k - +6 ring of dexterity

@: lethally poisoned (-2 -> -12), constricted, studying Stealth, quick
A: very small, claws 1, fangs 3, see invisible, speed 1, shaggy fur 3, stealthy
paws, no weapons or thrown items, no armour, multi-lived, subdued magic 1
a: Renounce Religion, Berserk, Trog's Hand, Brothers in Arms


You were on level 4 of the Snake Pit.
You worshipped Trog.
Trog was exalted by your worship.
You visited 5 branches of the dungeon, and saw 28 of its levels.
You also visited: Sewer and Ice Cave.

You collected 3110 gold pieces.
You spent 1898 gold pieces at shops.

Inventory:

Jewellery
 c - an amulet of the acrobat
 d - the amulet of Incredulity (around neck) {Regen+ rCorr Slay+3}
   (You acquired it on level 2 of the Dungeon)

   [amulet of regeneration]

   Slay:      It affects your accuracy & damage with ranged weapons and melee
   (+3).
   Regen:     It increases your rate of health regeneration.
   rCorr:     It protects you from acid and corrosion.
 g - a ring of ice
 i - the ring of Doubts (left paw) {rC+ Will+ AC+4 Dex+4}
   (You found it on level 2 of the Dungeon)

   [ring of protection]

   AC:        It affects your AC (+4).
   Dex:       It affects your dexterity (+4).
   rC:        It protects you from cold.
   Will:      It increases your willpower.
 k - a +6 ring of dexterity (right paw)
 s - a ring of poison resistance
 u - a ring of fire
 x - a ring of magical power
 M - a +6 ring of dexterity
 P - an amulet of reflection
Wands
 j - a wand of charming (20)
 m - a wand of flame (42)
 w - a wand of iceblast (30)
 z - a wand of digging (23)
 D - a wand of paralysis (33)
 E - a wand of mindburst (5)
 R - a wand of acid (4)
Scrolls
 e - 13 scrolls of teleportation
 q - 2 scrolls of fear
 r - 4 scrolls of magic mapping
 v - 10 scrolls of identify
 A - a scroll of silence
 G - 2 scrolls of fog
 K - 2 scrolls of immolation
 N - a scroll of blinking
 T - a scroll of holy word
Potions
 a - 4 potions of brilliance
 b - a potion of resistance
 f - 7 potions of haste
 l - 4 potions of mutation
 n - 3 potions of flight
 o - 8 potions of curing
 p - 11 potions of heal wounds
 t - 4 potions of invisibility
 B - 2 potions of berserk rage
 C - 5 potions of magic
 F - 2 potions of attraction
 H - 2 potions of might
 L - 5 potions of lignification
 O - a potion of ambrosia
 Q - a potion of cancellation
Miscellaneous
 h - a condenser vane
 y - a piece from Xom's chessboard (15/15)
 I - a lightning rod (4/4)
 J - a phial of floods
 S - a phantom mirror


   Skills:
 - Level 20.0 Fighting
 - Level 20.0 Dodging
 * Level 17.9 Stealth
 - Level 20.0 Unarmed Combat
 - Level 10.0 Evocations


You had 14 spell levels left.
You didn't know any spells.
Your spell library was empty.

Dungeon Overview and Level Annotations

Branches:
Dungeon (15/15)            Temple (0/1) D:4            Lair (6/6) D:11
 Shoals (1/4) Lair:4        Snake (4/4) Lair:4        Slime (0/5) Lair:5
    Orc (2/2) D:9             Elf (0/3) Orc:2        Vaults (0/5) D:14
 Depths (0/4) D:15          Sewer (visited)           IceCv (visited)

Altars:
Ashenzari
Cheibriados
Elyvilon
Gozag
Hepliaklqana
Kikubaaqudgha
Makhleb
Nemelex Xobeh
Okawaru
Qazlal
Ru
Sif Muna
Uskayaw
Vehumet
Wu Jian
Zin
The Shining One
Jiyva
Lugonu

Shops:
D:4 (   D:6 (:!   D:12 !   D:14 *   Orc:2 [:!*   Snake:1 =:=**

Portals:
Abyss: Lair:6

Annotations:
D:3 2 transporters, EtherCrawl's ghost, amateur OpFE
Lair:5 3 runed translucent doors, PanSaczeczos's ghost, journeyman HOAr
Snake:4 2 runed translucent doors, Roxanne; Smee's ghost, adept MiFi


Innate Abilities, Weirdness & Mutations

You have sharp claws.
You have razor-sharp teeth.
You have supernaturally acute eyesight. (SInv)
You cover ground quickly. (Speed+)
Your thick and shaggy fur keeps you warm. (AC +3, rC+)
Your paws help you pounce on unaware monsters.
You are incapable of wielding weapons or throwing items.
You cannot wear armour.
You gain extra lives every three experience levels.
Your spells are a little easier to cast, but a little less powerful.


Message History

You see here a +0 club.
A nagaraja and 2 quicksilver dragons come into view.
Found a serpentine rune of Zot.
There are monsters nearby!
There are monsters nearby!
The quicksilver dragon roars deafeningly!
The nagaraja gestures at you while chanting.
The poison arrow misses you.
The nagaraja hits you from afar with a +0 halberd!!
The quicksilver dragon roars deafeningly!
The quicksilver dragon breathes dispelling energy at you.
The bolt of dispelling energy misses you.
The nagaraja spits poison at you. The splash of poison misses you.
You scratch the quicksilver dragon.
The quicksilver dragon is lightly wounded.
The quicksilver dragon completely misses you.
The quicksilver dragon claws you.
Unknown command.
Unknown command.
Your cyclops goes berserk!
The nagaraja hits you with a +0 halberd!
The nagaraja grabs you. The nagaraja constricts you.
The quicksilver dragon bites you!!
* * * LOW HITPOINT WARNING * * *
The quicksilver dragon closely misses you.
Unknown command.
You feel much better.
The quicksilver dragon breathes dispelling energy at you.
The bolt of dispelling energy misses you.
The nagaraja misses you. The nagaraja constricts you.
The quicksilver dragon completely misses you. x2
Unknown command.
The nagaraja's grasp on you weakens, but your attempt to escape fails.
The nagaraja gestures at you while chanting.
The poison arrow hits you!!
You are poisoned.
* * * LOW HITPOINT WARNING * * *
The nagaraja constricts you.
You die...

###..##)8.###..##'##..###.8.##..#
# ##..#####.#'.......'#.#####..##
##...##...##8)..8##...##...### #
##......##.......##......## # ##
####..##...#.#...##..#######
.##### #####..#####..##### #.##.
#....# ##..## .## ##.... #.####
#.C.# .# #..#.. #.# ##.@# ##
##.###. #.# #8DND8# #..# #. #.#
##.φ.## #### ## ### #####


You could see 2 quicksilver dragons, a nagaraja and a friendly cyclops
(summoned, berserk).

Vanquished Creatures
  Saint Roka (Snake:2)
  Vashnia (Snake:2)
  Bai Suzhen (Snake:4)
  Nikola (Snake:2)
  Jorgrun (D:14)
  Mlioglotl (Snake:3)
  Kirke (Lair:6)
  2 nagarajas (Snake:4)
  An ettin (D:15)
  A fire dragon (D:15)
  4 naga warriors
  3 boulder beetles
  7 hydras
  A vault guard (D:14)
  A salamander tyrant (Snake:4)
  2 ogre magi
  10 anacondas
  12 two-headed ogres
  3 death yaks
  A tengu warrior (D:15)
  2 death knights
  8 centaur warriors
  16 naga sharpshooters
  4 thrashing horrors (Lair:6)
  5 orc high priests
  7 shock serpents
  Urug (Lair:4)
  9 skeletal warriors
  A deep troll (D:15)
  8 naga ritualists
  2 wizards
  2 phantasmal warriors
  2 necromancers
  11 orc knights
  A mana viper (shapeshifter) (Lair:6)
  15 mana vipers
  11 ugly things
  4 manticores
  3 orc sorcerers
  4 salamanders
  5 cyclopes
  A merfolk siren (Lair:4)
  3 elephants (Lair:2)
  38 black mambas
  11 naga magi
  4 guardian serpents
  A smoke demon (Lair:6)
  24 cane toads
  A gargoyle (D:12)
  A rime drake (shapeshifter) (D:15)
  4 freezing wraiths
  A rime drake (IceCv)
  A yaktaur (D:14)
  7 komodo dragons
  A tengu conjurer (D:10)
  5 polar bears
  2 ancient zymes (Lair:6)
  9 trolls
  A polar bear (shapeshifter) (D:14)
  A merfolk (shapeshifter) (D:13)
  13 blink frogs
  7 slime creatures
  3 hornets
  A hornet (shapeshifter) (Lair:6)
  A ynoxinul (Lair:6)
  2 spriggans (Lair:6)
  5 shadows
  Sigmund (D:6)
  2 large abominations (Lair:6)
  6 wraiths
  5 wyverns
  A centaur simulacrum (D:14)
  3 hogs (Lair:6)
  20 humans (D:14)
  28 yaks
  9 basilisks
  2 chaos spawn (Lair:6)
  8 vampire mosquitoes
  2 redbacks (D:15)
  3 wargs
  3 acid dragons
  37 nagas
  16 water moccasins
  2 ice beasts
  2 sky beasts
  7 small abominations (Lair:6)
  40 orc warriors
  8 black bears
  4 wolves
  8 ogres
  19 centaurs
  3 phantoms
  5 kobold brigands
  15 bullfrogs
  2 scorpions (D:4)
  3 gnoll sergeants
  A water moccasin zombie (D:5)
  A troll zombie (D:9)
  13 killer bees
  9 wights
  An electric eel (Lair:6)
  A howler monkey (D:13)
  4 centaur zombies
  A bullfrog zombie (D:6)
  4 hounds
  3 jellies
  29 orc priests
  A gnoll shaman (D:8)
  A centaur skeleton (D:5)
  4 iguanas
  25 orc wizards
  7 ogre zombies (D:9)
  3 howler monkey zombies
  15 gnolls
  7 adders
  2 shadow imps
  A white imp (D:8)
  3 worms
  5 dart slugs
  67 orcs
  8 endoplasms
  3 giant cockroaches
  7 goblins
  6 hobgoblins
  24 kobolds
  6 quokkas
  4 ball pythons
  11 bats
  4 frilled lizards
  3 goblin zombies (D:9)
  A hobgoblin zombie (D:9)
  3 orc skeletons (D:9)
  18 orc zombies (D:9)
  3 rats
897 creatures vanquished.

Vanquished Creatures (collateral kills)
  Asterion (Snake:1)
  Aizul (Snake:1)
  A shock serpent (Snake:4)
  A naga sharpshooter (Snake:4)
  A mana viper (Snake:4)
  A black mamba (Snake:1)
  A guardian serpent (Snake:4)
7 creatures vanquished.

Vanquished Creatures (others)
  A naga mage (Snake:2)
  3 orc warriors (Snake:2)
  An orc priest (Snake:2)
  An orc wizard (Orc:1)
  An orc (Snake:2)
  39 fungi
  45 plants
91 creatures vanquished.

Grand Total: 995 creatures vanquished

Notes
Turn   | Place    | Note
-------+----------+-------------------------------------------
     0 | D:1      | MisterFreud the Felid Berserker began the quest for the
                  | Orb.
     0 | D:1      | Reached XP level 1. HP: 10/10 MP: 2/2
    92 | D:1      | Reached skill level 1 in Stealth
   180 | D:1      | Reached XP level 2. HP: 9/14 MP: 3/3
  1276 | D:2      | Reached XP level 3. HP: 17/17 MP: 4/4
  1504 | D:2      | Reached ** piety under Trog
  1887 | D:2      | Found a white marble altar of Elyvilon.
  1984 | D:2      | Identified the ring of Doubts {rC+ Will+ AC+4 Dex+4}
  2426 | D:2      | Identified 3 scrolls of acquirement
  2426 | D:2      | Acquired a manual of Unarmed Combat
  2428 | D:2      | Acquired a manual of Dodging
  2430 | D:2      | Acquired the amulet of Incredulity {Regen+ rCorr Slay+3}
  2496 | D:3      | Reached XP level 4. HP: 21/21 MP: 5/5
  2501 | D:3      | Found a transporter.
  2502 | D:3      | Noticed EtherCrawl's ghost (amateur OpFE)
  2504 | D:3      | Noticed a phantom
  2647 | D:3      | Found an opulent altar of Gozag.
  2647 | D:3      | Found a glowing silver altar of Zin.
  2712 | D:3      | Found a transporter.
  2788 | D:3      | Found a hide-covered altar of Uskayaw.
  2858 | D:3      | Found a snail-covered altar of Cheibriados.
  2876 | D:3      | Reached skill level 5 in Stealth
  3068 | D:4      | Found Optam Huhe's Antique Weapon Shoppe.
  3097 | D:4      | Reached skill level 5 in Dodging
  3097 | D:4      | Reached XP level 5. HP: 24/24 MP: 6/6
  3147 | D:4      | Reached skill level 5 in Unarmed Combat
  3393 | D:4      | Gained mutation: You are covered in thick fur. (AC +2)
                  | [Felid growth]
  3393 | D:4      | Reached XP level 6. HP: 28/28 MP: 7/7
  3710 | D:4      | Found a staircase to the Ecumenical Temple.
  3957 | D:5      | Entered Level 5 of the Dungeon
  4050 | D:5      | Reached XP level 7. HP: 31/31 MP: 8/8
  4123 | D:5      | Found a sparkling altar of Nemelex Xobeh.
  4266 | D:5      | Found an ancient bone altar of Kikubaaqudgha.
  4418 | D:5      | Reached *** piety under Trog
  4550 | D:6      | Found a radiant altar of Vehumet.
  4736 | D:6      | Noticed Sigmund
  4741 | D:6      | Killed Sigmund
  4742 | D:6      | Reached skill level 10 in Dodging
  4742 | D:6      | Reached XP level 8. HP: 36/36 MP: 9/9
  4901 | D:6      | Found Mofelegg's Distillery.
  4904 | D:6      | Reached skill level 5 in Fighting
  4916 | D:6      | Bought a potion of invisibility for 120 gold pieces
  4953 | D:6      | Found a glowing drain.
  4978 | Sewer    | Entered a sewer
  5149 | D:6      | Found Roseamn's Weapon Emporium.
  5349 | D:6      | Found Sipp's Book Shoppe.
  5561 | D:7      | Noticed a hornet
  5563 | D:7      | Reached skill level 10 in Unarmed Combat
  5618 | D:7      | Reached XP level 9. HP: 31/41 MP: 10/10
  5828 | D:7      | Reached **** piety under Trog
  6202 | D:7      | Found an iron altar of Okawaru.
  6699 | D:8      | Reached skill level 1 in Evocations
  6755 | D:8      | Reached XP level 10. HP: 48/48 MP: 11/11
  6914 | D:8      | Reached ***** piety under Trog
  7024 | D:8      | Found an ornate altar of the Wu Jian Council.
  7244 | D:8      | Found a glowing golden altar of the Shining One.
  7608 | D:9      | Found a staircase to the Orcish Mines.
  7795 | D:9      | Found a burning altar of Makhleb.
  7935 | D:9      | Found a stormy altar of Qazlal.
  8137 | D:9      | Found a shimmering blue altar of Sif Muna.
  8183 | D:10     | Entered Level 10 of the Dungeon
  8191 | D:10     | Noticed a two-headed ogre
  8201 | D:10     | Killed a two-headed ogre
  8220 | D:10     | Noticed a two-headed ogre
  8261 | D:10     | Killed a two-headed ogre
  8262 | D:10     | Reached skill level 10 in Fighting
  8262 | D:10     | Reached skill level 10 in Stealth
  8262 | D:10     | Reached XP level 11. HP: 18/54 MP: 12/12
  8268 | D:10     | Reached skill level 5 in Evocations
  8394 | D:10     | Noticed a centaur warrior
  8394 | D:10     | Noticed an ogre mage
  8406 | D:10     | Killed a centaur warrior
  8407 | D:10     | Noticed a cyan ugly thing
  8425 | D:10     | Noticed a centaur warrior
  8442 | D:10     | Killed a cyan ugly thing
  8443 | D:10     | Reached skill level 15 in Dodging
  8447 | D:10     | Killed an ogre mage
  8527 | D:10     | Noticed an orc knight
  8529 | D:10     | Noticed a six-headed hydra
  8539 | D:10     | Killed a centaur warrior
  8545 | D:10     | Killed a six-headed hydra
  8565 | D:10     | Killed an orc knight
  8602 | D:10     | Identified the +4 morningstar of Freehold {vorpal, rElec
                  | rPois}
  8614 | D:10     | Identified the +0 helmet "Sake" {+Blink}
  8743 | D:10     | Found a sacrificial altar of Ru.
  8743 | D:10     | Found a sparkling altar of Nemelex Xobeh.
  8744 | D:10     | Found a hazy altar of Hepliaklqana.
  8744 | D:10     | Found a broken altar of Ashenzari.
  8760 | D:10     | Noticed a two-headed ogre
  8764 | D:10     | Killed a two-headed ogre
  9401 | D:11     | Gained mutation: Your thick and shaggy fur keeps you warm.
                  | (AC +3, rC+) [Felid growth]
  9401 | D:11     | Reached XP level 12. HP: 58/58 MP: 13/13
  9469 | D:11     | Noticed a two-headed ogre
  9476 | D:11     | Killed a two-headed ogre
  9695 | D:11     | Found a staircase to the Lair.
 10131 | D:12     | Found Zutron's Distillery.
 10139 | D:12     | Bought a potion of heal wounds for 85 gold pieces
 10139 | D:12     | Bought a potion of heal wounds for 85 gold pieces
 10139 | D:12     | Bought a potion of heal wounds for 85 gold pieces
 10139 | D:12     | Bought a potion of heal wounds for 85 gold pieces
 10224 | D:12     | Noticed a two-headed ogre
 10321 | D:12     | Killed a two-headed ogre
 10322 | D:12     | Reached skill level 15 in Unarmed Combat
 10808 | D:12     | Noticed a centaur warrior
 10813 | D:12     | Killed a centaur warrior
 11084 | D:13     | Noticed a two-headed ogre
 11090 | D:13     | Killed a two-headed ogre
 11288 | D:13     | Reached ****** piety under Trog
 11566 | D:13     | Noticed a two-headed ogre
 11572 | D:13     | Killed a two-headed ogre
 11764 | D:13     | Noticed a death knight
 12050 | D:13     | Killed a death knight
 12474 | D:14     | Noticed a boulder beetle
 12476 | D:14     | Reached XP level 13. HP: 66/66 MP: 14/14
 12560 | Lair:1   | Entered Level 1 of the Lair of Beasts
 14732 | Lair:3   | Reached skill level 15 in Fighting
 15729 | Lair:4   | Found a staircase to the Snake Pit.
 15888 | Lair:4   | Reached XP level 14. HP: 73/73 MP: 15/15
 16116 | Lair:4   | Found a staircase to the Shoals.
 16255 | Lair:4   | Noticed Urug
 16269 | Lair:4   | Killed Urug
 16477 | Shoals:1 | Entered Level 1 of the Shoals
 16768 | Lair:5   | Found a runed translucent gate.
 16768 | Lair:5   | Found a runed translucent gate.
 16768 | Lair:5   | Found a runed translucent gate.
 16843 | Lair:5   | Noticed PanSaczeczos's ghost (journeyman HOAr)
 16975 | Lair:5   | Reached skill level 10 in Evocations
 17158 | Lair:5   | Found a viscous altar of Jiyva.
 17158 | Lair:5   | Found a staircase to the Slime Pits.
 17257 | Lair:6   | Entered Level 6 of the Lair of Beasts
 18395 | Lair:6   | Noticed Kirke
 18415 | Lair:6   | Killed Kirke
 18703 | Lair:6   | Found a corrupted altar of Lugonu.
 18703 | Lair:6   | Found a one-way gate to the infinite horrors of the Abyss.
 18991 | Orc:1    | Entered Level 1 of the Orcish Mines
 19153 | Orc:2    | Entered Level 2 of the Orcish Mines
 19865 | Orc:2    | Found a staircase to the Elven Halls.
 20628 | Orc:2    | Reached XP level 15. HP: 79/79 MP: 16/16
 20860 | Orc:2    | Found Dodil's Assorted Antiques.
 20863 | Orc:2    | Found Cihete's Book Shoppe.
 20864 | Orc:2    | Found Fuenwor's Antique Armour Shoppe.
 20865 | Orc:2    | Found Guedd's Distillery.
 20871 | Orc:2    | Bought a potion of heal wounds for 55 gold pieces
 20871 | Orc:2    | Bought a potion of invisibility for 88 gold pieces
 20871 | Orc:2    | Bought a potion of heal wounds for 55 gold pieces
 20871 | Orc:2    | Bought a potion of haste for 110 gold pieces
 20871 | Orc:2    | Bought a potion of heal wounds for 55 gold pieces
 20871 | Orc:2    | Bought a potion of invisibility for 88 gold pieces
 20872 | Orc:2    | Bought a scroll of blinking for 262 gold pieces
 20872 | Orc:2    | Bought a potion of might for 140 gold pieces
 21237 | D:14     | Noticed Jorgrun
 21240 | D:14     | Found Gozag's Platinum Reserve.
 21243 | D:14     | Killed Jorgrun
 21526 | D:14     | Found an opulent altar of Gozag.
 21697 | D:14     | Found a gate to the Vaults.
 22381 | D:15     | Entered Level 15 of the Dungeon
 22426 | D:15     | Found a frozen archway.
 22543 | IceCv    | Entered an ice cave
 22923 | D:15     | Found a staircase to the Depths.
 23743 | Snake:1  | Entered Level 1 of the Snake Pit
 23766 | Snake:1  | Found Cuapiyck's Assorted Antiques.
 23780 | Snake:1  | Bought a scroll of fear for 126 gold pieces
 23806 | Snake:1  | Reached XP level 16. HP: 55/86 MP: 17/17
 24040 | Snake:1  | Noticed Aizul
 24040 | Snake:1  | Noticed Asterion
 24047 | Snake:1  | Gained mutation: Your spells are a little easier to cast,
                  | but a little less powerful. [a cacodemon]
 24053 | Snake:1  | Killed Asterion
 24056 | Snake:1  | Killed Aizul
 24316 | Snake:1  | Found Ohy Zarr's Jewellery Emporium.
 24317 | Snake:1  | Found Yfyut's Book Boutique.
 24363 | Snake:1  | Found Ziolel's Jewellery Emporium.
 24438 | Snake:1  | Found Rotixar's Overcharged Wands.
 24449 | Snake:1  | Bought a wand of paralysis (25) for 459 gold pieces
 25240 | Snake:2  | Noticed Saint Roka
 25255 | Snake:2  | Noticed Nikola
 25476 | Snake:2  | Killed Saint Roka
 25759 | Snake:2  | Killed Nikola
 25824 | Snake:2  | Noticed Vashnia
 26012 | Snake:2  | Killed Vashnia
 26150 | Snake:2  | Killed from afar by a shock serpent
 26151 | Snake:2  | Reached XP level 15. HP: -5/84 MP: 16/16
 26749 | Snake:3  | Noticed Mlioglotl
 26899 | Snake:3  | Killed Mlioglotl
 26900 | Snake:3  | Reached XP level 16. HP: 88/88 MP: 17/17
 26905 | Snake:3  | Acquired a manual of Stealth
 27033 | Snake:3  | Found the +8 demon blade "Leech" {vamp, Harm Drain rN+}
 27329 | Snake:4  | Entered Level 4 of the Snake Pit
 27344 | Snake:4  | Found a large runed translucent door.
 27344 | Snake:4  | Found a large runed translucent door.
 27492 | Snake:4  | Identified the +0 chain mail "Etwig Idieth" {-Tele Int+5
                  | SInv}
 27624 | Snake:4  | Noticed Smee's ghost (adept MiFi)
 27679 | Snake:4  | HP: 4/88 [naga ritualist/Olgreb's Toxic Radiance (4)]
 27679 | Snake:4  | Killed from afar by a naga ritualist
 27680 | Snake:4  | Reached XP level 15. HP: 0/84 MP: 10/16
 27699 | Snake:4  | Identified Roxanne's Guide on Earth
 27699 | Snake:4  | Noticed Roxanne
 27724 | Snake:4  | Noticed Bai Suzhen
 27734 | Snake:4  | Killed Bai Suzhen
 28771 | Snake:4  | Reached skill level 15 in Stealth
 28834 | Snake:4  | Noticed a nagaraja
 29004 | Snake:4  | Killed a nagaraja
 29165 | Snake:4  | Noticed a nagaraja
 29182 | Snake:4  | Killed a nagaraja
 29234 | Snake:4  | Noticed a nagaraja
 29234 | Snake:4  | Noticed a quicksilver dragon
 29234 | Snake:4  | Noticed a quicksilver dragon
 29242 | Snake:4  | HP: 2/84 [nagaraja/poison arrow (27)]
 29242 | Snake:4  | Constricted to death by a nagaraja

Illustrated notes

Levels and vault maps discovered:
D:1:      dpeg_arrival_pits, layout_rooms
D:2:      layout_basic, basic_altar, minmay_increasing_density
D:3:      layout_rooms, grunt_temple_overflow_gold_and_silver,
          cheibrodos_worm_habitat, nicolae_uskayaw_suspiria,
          gammafunk_ghost_mausoleum
D:4:      layout_loops_ring, temple_green, serial_rivers,
          chequers_serial_rivers_micro_b, chequers_serial_rivers_room_b,
          chequers_serial_rivers_room_a, chequers_serial_rivers_small_3,
          serial_shops, shop
D:5:      layout_basic, mainiacjoe_overflow_paths, nemelex_diamond_rough_becter,
          kennysheep_generic_room_5
D:6:      layout_basic, nicolae_vehumet_radiance, portal_sewer_entry_f,
          serial_shops, nicolae_lakefront_shop,
          nicolae_shop_bloodbath_and_beyond, shop, nrook_mini_vaults,
          uniq_sigmund
D:7:      layout_loops_cross, okawaru_altar_gauntlet_db, sword_in_stone
D:8:      layout_loops_corners, nicolae_wu_jian_glorious_leap, tso_altar,
          kennysheep_diamond
D:9:      layout_basic, nicolae_sif_muna_condensation,
          nicolae_qazlal_eye_of_the_storm, amcnicky_altar_gilded,
          zombieorc2_lemuel
D:10:     minmay_the_grid_octo_tiled_octocenter [minmay_the_grid_octo_horde,
          minmay_the_grid_octo_shrine, minmay_the_grid_octo_thin_diamonds,
          minmay_the_grid_octo_pinwheel,
          minmay_the_grid_octo_prize_square_snowflake,
          minmay_the_grid_square_5x5_v, minmay_the_grid_square_5x5_broken_cross,
          minmay_the_grid_square_5x5_inner_i,
          minmay_the_grid_square_5x5_minibox], layout_basic
D:11:     layout_long_grid, grunt_lair_entry_orc_guard_hut
D:12:     layout_basic, serial_shops, shop
D:13:     layout_layer_cave
D:14:     layout_layer_cave, grunt_vaults_entry_tiered,
          kennysheep_decorative_pillar, nicolae_gozag_zags_fifth_avenue,
          uniq_jorgrun
D:15:     hangedman_depths_entry_civil_slaughter, layout_basic, abandoned_shop,
          portal_ice_cave_entry_pillars_1
Lair:1:   minmay_lair_venomous_thicket, layout_regular_city,
          chequers_serial_rivers_micro_b, beast_lair_carwin_9,
          grunt_megastairs_2
Lair:2:   cheibrodos_lair_river_kwai, layout_loops_ring
Lair:3:   layout_cave_pods
Lair:4:   layout_hall_layers, minmay_shoals_entry_lonely_mermaid,
          minmay_snake_entry_guardpost_small, st_stairs_8, uniq_urug
Lair:5:   layout_gridlike, dpeg_slime_entry_enclosed_altar,
          ebering_ghost_rock_garden, grunt_megastairs_1,
          infiniplex_staircase_pool_2
Lair:6:   hellmonk_lair_end_abyssal_woods, layout_layer_cave,
          chequers_serial_rivers_small_3, patterned_corridor,
          infiniplex_staircase_pool, uniq_kirke
Shoals:1: layout_shoals, nicolae_shoals_wave_tunnel
Snake:1:  layout_misc_corridors, serial_shops, shop, st_stairs_6,
          nicolae_shop_overcharged_wands, lemuel_fruit_tree, minmay_shop_grove,
          serial_bayou_shore_b, serial_bayou_shore_b, uniq_aizul, uniq_asterion
Snake:2:  layout_basic, grunt_ministairs_11, st_stairs_13, uniq_nikola,
          uniq_vashnia, uniq_saint_roka
Snake:3:  layout_cave_town, uniq_mlioglotl
Snake:4:  hellmonk_snake_rune_quicksilver_temple, layout_layer_cave,
          ebering_ghost_disaster_area, grunt_ministairs_15,
          chequers_hall_statues_y, uniq_roxanne, uniq_bai_suzhen
Orc:1:    layout_caves
Orc:2:    st_orc_pillars, layout_diamond_mine

Skill      XL: |  1  2  3  4  5  6  7  8  9 10 11 12 13 14 15 16 |
---------------+-------------------------------------------------+-----
Stealth        | 2 3 4 5 6 8 10 17 11 | 17.9
Unarmed Combat | 4 5 6 8 10 11 12 14 16 18 20 | 20.0
Dodging        | 5 6 8 10 12 13 14 18 20 | 20.0
Fighting       | 4 6 8 10 13 15 16 18 20 | 20.0
Evocations     | 1 4 5 9 10 | 10.0

Action                   |  1- 3 |  4- 6 |  7- 9 | 10-12 | 13-15 | 16-18 || total
-------------------------+-------+-------+-------+-------+-------+-------++-------
Melee: Unarmed           |   106 |    85 |   248 |   527 |  1524 |   392 ||  2882
       Bite              |     9 |     8 |    33 |    71 |   265 |    61 ||   447
       Punch             |     2 |     3 |    16 |    45 |   224 |    55 ||   345
Invok: Berserk           |     2 |     2 |     1 |     8 |    15 |     6 ||    34
       Trog's Hand       |     1 |       |       |     2 |     5 |     5 ||    13
       Brothers in Arms  |       |       |       |       |     2 |     2 ||     4
Evoke: Condenser vane    |       |       |       |       |     2 |     1 ||     3
       Wand              |       |       |       |       |     1 |     5 ||     6
  Use: Scroll            |     3 |       |    13 |    10 |    10 |     2 ||    38
       Potion            |       |       |       |       |     1 |     6 ||     7
 Stab: Sleeping          |    11 |     8 |    17 |    24 |    48 |    18 ||   126
       Distracted        |       |     1 |       |     1 |    14 |     1 ||    17
Armor: Skin              |     6 |     4 |    12 |    27 |    51 |    12 ||   112
Dodge: Dodged            |    72 |    48 |   190 |   583 |  1747 |   451 ||  3091
